 Seeded DCSS version 0.30-a0-726-gd89dcf765f (webtiles) character file.

Game seed: 4129031442797403394 (custom seed)

43465 purpskrrrp the Thaumaturge (level 14, -5/166 HPs)
             Began as a Gnoll Earth Elementalist on Jan 29, 2023.
             Was an Initiate of Gozag.
             Slain by a white ugly thing (28 damage)
             ... on level 14 of the Dungeon on Jan 30, 2023.
             The game lasted 01:12:56 (23160 turns).

purpskrrrp the Thaumaturge (GnEE)                  Turns: 23160, Time: 01:12:57

Health: -5/166     AC: 14    Str: 10    XL:     14   Next: 24%
Magic:  0/25       EV: 16    Int: 51    God:    Gozag
Gold:   1027       SH:  0    Dex: 12    Spells: 13/34 levels left

rFire   . . .      SeeInvis +    r - +1 trident "Zuuhaeco" {heavy, *Noise Will+ Int+9 SInv Stlth+}
rCold   . . .      Faith    .    (no shield)
rNeg    . . .      Spirit   +    T - +1 robe "Nahotir" {Int+6}
rPois   .          Reflect  .    (no helmet)
rElec   .          Harm     .    c - +2 cloak
rCorr   .          Rampage  .    C - +2 pair of gloves
Will    ++...                    S - +2 pair of boots Stlth
                                 g - amulet of Mourghodai {Spirit +Inv Int+6}
HPRegen 0.47/turn                D - +6 ring of intelligence
MPRegen 0.19/turn                s - +6 ring of intelligence

@: berserking, studying Fighting, very quick
A: fangs 1, strong nose, distributed training, low MP 1
a: Renounce Religion, Evoke Invisibility, Potion Petition, Call Merchant, Bribe
Branch


You were on level 14 of the Dungeon.
You worshipped Gozag.
Gozag was most pleased with you.
You visited 2 branches of the dungeon, and saw 16 of its levels.

You collected 2852 gold pieces.
You spent 1206 gold pieces at shops.
You paid 619 gold pieces to Gozag.

Inventory:

Hand Weapons
 r - the +1 trident "Zuuhaeco" (weapon) {heavy, *Noise Will+ Int+9 SInv Stlth+}
   (You found it on level 4 of the Dungeon)

   Int:       It affects your intelligence (+9).
   SInv:      It lets you see invisible.
   *Noise:    It may make noises in combat.
   Will:      It increases your willpower.
   Stlth:     It makes you more stealthy.
Missiles
 m - 3 javelins
 p - 32 poisoned darts
Armour
 c - a +2 cloak (worn)
 C - a +2 pair of gloves (worn)
 S - a +2 pair of boots (worn)
 T - the +1 robe "Nahotir" (worn) {Int+6}
   (You found it on level 12 of the Dungeon)

   Int:       It affects your intelligence (+6).
Magical Staves
 N - a staff of earth
Jewellery
 g - the amulet of Mourghodai (around neck) {Spirit +Inv Int+6}
   (You acquired it on level 1 of the Dungeon)

   [amulet of guardian spirit]

   It causes incoming damage to be divided between your reserves of health and
   magic.
   Int:       It affects your intelligence (+6).
   +Inv:      It lets you turn invisible.
 h - a +6 ring of dexterity
 n - a ring of willpower
 s - a +6 ring of intelligence (right hand)
 D - a +6 ring of intelligence (left hand)
 F - a ring of willpower
 G - a ring of poison resistance
 R - an amulet of the acrobat
Wands
 l - a wand of paralysis (5)
 u - a wand of mindburst (1)
 y - a wand of roots (11)
 z - a wand of digging (8)
Scrolls
 k - 7 scrolls of identify
 w - 2 scrolls of enchant weapon
 I - a scroll of magic mapping
 J - 2 scrolls of silence
Potions
 b - a potion of ambrosia
 e - a potion of invisibility
 i - 6 potions of brilliance
 j - 4 potions of flight
 t - a potion of cancellation
 B - 6 potions of curing
 L - a potion of berserk rage
Miscellaneous
 M - a lightning rod (inert)


   Skills:
 + Level 10.4 Fighting
 + Level 9.4 Short Blades
 + Level 9.4 Long Blades
 + Level 9.4 Axes
 + Level 9.4 Maces & Flails
 + Level 9.4 Polearms
 + Level 9.4 Staves
 + Level 9.4 Ranged Weapons
 + Level 9.4 Throwing
 + Level 9.4 Armour
 + Level 10.4 Dodging
 + Level 10.3 Stealth
 + Level 9.4 Shields
 + Level 9.4 Unarmed Combat
 + Level 10.6 Spellcasting
 + Level 7.8 Conjurations
 + Level 7.8 Hexes
 + Level 7.8 Summonings
 + Level 7.8 Necromancy
 + Level 7.8 Translocations
 + Level 8.1 Transmutations
 + Level 7.8 Fire Magic
 + Level 7.8 Ice Magic
 + Level 7.8 Air Magic
 + Level 9.6 Earth Magic
 + Level 7.8 Poison Magic
 + Level 10.2 Invocations
 + Level 9.4 Evocations


You had 13 spell levels left.
You knew the following spells:

 Your Spells              Type           Power      Damage    Failure   Level
a - Sandblast             Erth           100%       2d20      0%          1
b - Stone Arrow           Conj/Erth      100%       3d13      1%          3
c - Hailstorm             Conj/Ice       82%        3d17      1%          3
d - Gell's Gravitas       Tloc           82%        N/A       1%          3
e - Iskenderun's Battles  Conj           82%        2d13      1%          5
f - Iron Shot             Conj/Erth      43%        9d8       3%          6

Your spell library contained the following spells:

 Spells                   Type           Power      Damage    Failure   Level
 Apportation              Tloc           100%       N/A       1%          1
 Beastly Appendage        Tmut           100%       N/A       1%          1
 Freeze                   Ice            100%       1d10      1%          1
 Ensorcelled Hibernation  Hex/Ice        100%       N/A       1%          2
 Passwall                 Tmut/Erth      72%        N/A       1%          2
 Wereblood                Tmut           84%        N/A       1%          2
 Frozen Ramparts          Ice            100%       1d16      1%          3
 Spider Form              Tmut/Pois      83%        N/A       1%          3
 Teleport Other           Tloc           82%        N/A       1%          3
 Anguish                  Hex/Necr       41%        N/A       1%          4
 Manifold Assault         Tloc           82%        N/A       1%          4
 Petrify                  Tmut/Erth      87%        N/A       1%          4
 Alistair's Intoxication  Tmut/Pois      55%        N/A       1%          5
 Arcjolt                  Conj/Air       41%        1d51      1%          5
 Dispersal                Tloc           41%        N/A       4%          6
 Enfeeble                 Hex            41%        N/A       26%         7
 Malign Gateway           Summ/Tloc      41%        N/A       26%         7
 Spellforged Servitor     Conj/Summ      41%        N/A       26%         7
 Necromutation            Tmut/Necr      41%        N/A       88%         8
 Borgnjor's Revivificati  Necr           41%        N/A       90%         8
 Disjunction              Tloc           41%        N/A       90%         8
 Summon Horrible Things   Summ           41%        N/A       90%         8
 Death's Door             Necr           41%        N/A       100%        9


Dungeon Overview and Level Annotations

Branches:
Dungeon (15/15)            Temple (1/1) D:7            Lair (0/5) D:10
    Orc (0/2) D:12         Vaults (0/5) D:13
 Depths: D:15

Altars:
Ashenzari
Cheibriados
Dithmenos
Elyvilon
Fedhas
Gozag
Hepliaklqana
Kikubaaqudgha
Makhleb
Nemelex Xobeh
Okawaru
Qazlal
Ru
Sif Muna
Trog
Uskayaw
Vehumet
Wu Jian
Xom
Yredelemnul
Zin
The Shining One

Shops:
D:2 (   D:7 =   D:8 :   D:10 (   D:12 ([=?=

Annotations:
D:12 2 runed translucent doors


Innate Abilities, Weirdness & Mutations

You have very sharp teeth.
Your uncanny sense of smell can sniff out nearby items.
Your experience applies equally to all skills.
Your magical capacity is low. (-10% MP)


Message History

Confirm with . or Enter, or press ? or * to list all spells.
You conjure a globe of magical energy.
The green ugly thing gurgles horribly!
The white ugly thing closely misses you.
You barely miss the white ugly thing. The white ugly thing stings you.
The white ugly thing freezes you!
The stone arrow hits the white ugly thing!!
The white ugly thing is moderately wounded.
The white ugly thing stings you. The white ugly thing freezes you!!
The stone arrow hits the white ugly thing.
The white ugly thing is heavily wounded.
Your battlesphere fires!
The barrage of energy hits the white ugly thing!
The white ugly thing is heavily wounded.
The white ugly thing stings you. The white ugly thing freezes you!!
You are too injured to fight recklessly!
You are too injured to fight recklessly!
You are too injured to fight recklessly!
You are too injured to fight recklessly!
You are too injured to fight recklessly!
Casting: Stone Arrow (safe; 1% risk of failure)
Confirm with . or Enter, or press ? or * to list all spells.
Aiming: Stone Arrow (safe; 1% risk of failure)
Press: ? - help, Shift-Dir - straight line, f/p - white ugly thing
Aim: a white ugly thing (heavily wounded, 78% to hit)
The stone arrow misses the white ugly thing.
The stone arrow hits the green ugly thing!!
The green ugly thing is moderately wounded.
Your battlesphere fires!
The barrage of energy hits the white ugly thing!
The white ugly thing is severely wounded.
The white ugly thing stings you! The white ugly thing freezes you!!
* * * LOW HITPOINT WARNING * * *
A red film seems to cover your vision as you go berserk!
You feel yourself moving faster!
You feel mighty! The white ugly thing stings you.
* * * LOW HITPOINT WARNING * * *
The white ugly thing freezes you!!
You die...
Your body crumbles into a pile of gold.

.####.u## #.#.....##.#
......#.## #.#.###.##.#
.....###.# #.#.# #.##.#
#.##..#.## #.#.###.##.#
#.##.#u## #.#.....##.## #
#.##.#.# #.#.###.##..# #
#.##.#.### #.#u# #.###.## #
.........#####.#u###.##≈.~#
#
.........##..*<.@.....#~.~#
#
.....>u..........######~.~#
# ........<##.####### #~.~#
# ..................# #~.~#
# ............#####.# #~.~#
# .....)...#..# #.#####≈.~#
## ....)....#..#
#.....#~.≈######.
.........##.#
#.#####~.≈#.....#
###.##.####.# #}#
##.#######.


You could see 2 ugly things and a friendly battlesphere.

Vanquished Creatures
  Kirke (D:13)
  Fannar (D:11)
  An entropy weaver (shapeshifter) (D:13)
  A hydra (D:15)
  A centaur warrior (D:13)
  A rakshasa (D:15)
  The ghost of EyeSee2020 the Cleaver, a novice MiBe of Trog (D:9)
  An ogre mage (D:15)
  7 two-headed ogres
  Sonja (D:11)
  A deep elf knight (D:12)
  5 skeletal warriors (D:12)
  Pikel (D:9)
  A necromancer (D:13)
  An orc knight (D:12)
  4 deep elf pyromancers
  18 ugly things
  6 cyclopes
  4 manticores
  A gargoyle (D:13)
  An orange demon (D:12)
  A cane toad (shapeshifter) (D:13)
  2 unseen horrors (D:12)
  2 kobold demonologists
  A komodo dragon (D:13)
  A tengu conjurer (D:14)
  7 trolls
  A queen bee (shapeshifter) (D:14)
  3 meliai
  6 slime creatures
  A centaur simulacrum (D:13)
  5 shadows
  2 spriggans (D:9)
  A ynoxinul (D:12)
  17 yaks
  A vampire (D:11)
  A basilisk (D:12)
  A chaos spawn (D:12)
  4 hogs (D:13)
  4 vampire mosquitoes (D:13)
  4 steam dragons
  An acid dragon (D:10)
  2 water moccasins
  2 black bears
  An ice beast (D:6)
  4 ogres
  4 wolves
  4 centaurs
  A phantom (D:12)
  3 kobold brigands
  3 gnoll sergeants
  7 bullfrogs
  2 necrophages
  2 scorpions (D:5)
  5 wights (D:8)
  2 troll zombies (D:12)
  A howler monkey (D:9)
  4 electric eels (D:10)
  A quasit (D:11)
  6 jellies
  4 orc priests
  Crazy Yiuf (D:3)
  6 hounds
  2 iguanas
  Jessica (D:3)
  11 orc wizards
  3 gnoll boudas
  Terence (D:2)
  6 ogre zombies (D:12)
  26 gnolls
  13 adders
  A shadow imp (D:7)
  A white imp (D:7)
  2 ufetubi
  A worm (D:3)
  3 dart slugs
  29 orcs
  7 endoplasms
  3 giant cockroaches (D:4)
  5 goblins
  13 hobgoblins
  4 jackals (D:2)
  5 quokkas
  2 ball pythons
  10 bats
  A frilled lizard (D:2)
  A goblin skeleton (D:12)
  A hobgoblin skeleton (D:12)
  7 hobgoblin zombies (D:12)
  19 kobolds
  16 orc zombies (D:12)
  8 rats
392 creatures vanquished.

Vanquished Creatures (others)
  A shadow (D:12)
  A vampire (D:12)
  2 demonic plants (D:12)
  2 fungi (D:9)
  10 plants
16 creatures vanquished.

Grand Total: 408 creatures vanquished

Notes
Turn   | Place    | Note
-------+----------+-------------------------------------------
     0 | D:1      | purpskrrrp the Gnoll Earth Elementalist began the quest for
                  | the Orb.
     0 | D:1      | Reached XP level 1. HP: 13/13 MP: 6/6
   171 | D:1      | Reached XP level 2. HP: 20/20 MP: 4/7
   614 | D:1      | Reached skill level 5 in Spellcasting
   614 | D:1      | Reached XP level 3. HP: 25/25 MP: 3/9
  1244 | D:1      | Identified a scroll of acquirement
  1244 | D:1      | Acquired the amulet of Mourghodai {Spirit +Inv Int+6}
  1255 | D:2      | Found Bock's Antique Weapon Shoppe.
  1300 | D:2      | Noticed Terence
  1398 | D:1      | Reached skill level 1 in Invocations
  1455 | D:2      | Killed Terence
  1456 | D:2      | Reached skill level 1 in Fighting
  1456 | D:2      | Reached skill level 1 in Short Blades
  1456 | D:2      | Reached skill level 1 in Long Blades
  1456 | D:2      | Reached skill level 1 in Axes
  1456 | D:2      | Reached skill level 1 in Maces & Flails
  1456 | D:2      | Reached skill level 1 in Polearms
  1456 | D:2      | Reached skill level 1 in Staves
  1456 | D:2      | Reached skill level 1 in Ranged Weapons
  1456 | D:2      | Reached skill level 1 in Throwing
  1456 | D:2      | Reached skill level 1 in Armour
  1456 | D:2      | Reached skill level 1 in Shields
  1456 | D:2      | Reached skill level 1 in Unarmed Combat
  1456 | D:2      | Reached skill level 1 in Evocations
  1456 | D:2      | Reached XP level 4. HP: 32/32 MP: 1/11
  1740 | D:2      | Reached skill level 1 in Conjurations
  1740 | D:2      | Reached skill level 1 in Hexes
  1740 | D:2      | Reached skill level 1 in Summonings
  1740 | D:2      | Reached skill level 1 in Necromancy
  1740 | D:2      | Reached skill level 1 in Translocations
  1740 | D:2      | Reached skill level 1 in Fire Magic
  1740 | D:2      | Reached skill level 1 in Ice Magic
  1740 | D:2      | Reached skill level 1 in Air Magic
  1740 | D:2      | Reached skill level 1 in Poison Magic
  2292 | D:3      | Noticed Jessica
  2293 | D:3      | Killed Jessica
  2294 | D:3      | Reached XP level 5. HP: 26/37 MP: 7/12
  2726 | D:3      | Found a runed translucent door.
  2727 | D:3      | Noticed Crazy Yiuf
  3093 | D:3      | Killed Crazy Yiuf
  3094 | D:3      | Reached XP level 6. HP: 44/44 MP: 14/14
  3194 | D:4      | Reached skill level 5 in Dodging
  3475 | D:4      | Identified the +1 trident "Zuuhaeco" {heavy, *Noise Will+
                  | Int+9 SInv Stlth+}
  3552 | D:4      | Learned a level 3 spell: Stone Arrow
  3959 | D:4      | Noticed a black bear
  3963 | D:4      | Killed a black bear
  3964 | D:4      | Reached XP level 7. HP: 51/51 MP: 11/15
  4179 | D:5      | Entered Level 5 of the Dungeon
  4597 | D:5      | Learned a level 3 spell: Hailstorm
  4732 | D:5      | Reached skill level 5 in Stealth
  5463 | D:5      | Gained mutation: You are strong-willed. (Will+) [potion of
                  | mutation]
  5463 | D:5      | Gained mutation: You occasionally lose the ability to read
                  | scrolls when taking damage. [potion of mutation]
  5493 | D:6      | Reached XP level 8. HP: 58/58 MP: 12/16
  5747 | D:6      | Found an ancient bone altar of Kikubaaqudgha.
  6280 | D:6      | Found an ornate altar of the Wu Jian Council.
  6375 | D:6      | Identified the +1 scale mail of the Clam {Harm Str+6}
  6617 | D:7      | Reached XP level 9. HP: 33/65 MP: 7/18
  6823 | D:7      | Found Giarch's Jewellery Shop.
  7478 | D:7      | Found a staircase to the Ecumenical Temple.
  7501 | D:7      | Identified the +0 leather armour of Infinity {Str+2}
  7874 | Temple   | Entered the Ecumenical Temple
  8074 | Temple   | Became a worshipper of Gozag Ym Sagoz the Greedy
  8191 | D:8      | Noticed a two-headed ogre
  8205 | D:8      | Killed a two-headed ogre
  8206 | D:8      | Reached skill level 5 in Invocations
  8317 | D:8      | Noticed a two-headed ogre
  8325 | D:8      | Killed a two-headed ogre
  8326 | D:8      | Reached skill level 5 in Fighting
  8326 | D:8      | Reached skill level 5 in Short Blades
  8326 | D:8      | Reached skill level 5 in Long Blades
  8326 | D:8      | Reached skill level 5 in Axes
  8326 | D:8      | Reached skill level 5 in Maces & Flails
  8326 | D:8      | Reached skill level 5 in Polearms
  8326 | D:8      | Reached skill level 5 in Staves
  8326 | D:8      | Reached skill level 5 in Ranged Weapons
  8326 | D:8      | Reached skill level 5 in Throwing
  8326 | D:8      | Reached skill level 5 in Armour
  8326 | D:8      | Reached skill level 5 in Shields
  8326 | D:8      | Reached skill level 5 in Unarmed Combat
  8326 | D:8      | Reached skill level 5 in Evocations
  8326 | D:8      | Reached XP level 10. HP: 49/74 MP: 12/20
  8675 | D:8      | Found an iron altar of Okawaru.
  9029 | D:8      | Found Fatadex's Book Shop.
  9321 | D:9      | Noticed a kobold demonologist
  9339 | D:9      | Lost mutation: You occasionally lose the ability to read
                  | scrolls when taking damage. [potion of mutation]
  9339 | D:9      | Lost mutation: You are strong-willed. (Will+) [potion of
                  | mutation]
  9339 | D:9      | Gained mutation: You are frail. (-10% HP) [potion of
                  | mutation]
  9339 | D:9      | Gained mutation: Your spells are a little harder to cast,
                  | but a little more powerful. [potion of mutation]
  9343 | D:9      | Noticed Pikel
  9349 | D:9      | Killed Pikel
  9350 | D:9      | Reached skill level 5 in Transmutations
  9364 | D:9      | Killed a kobold demonologist
  9668 | D:9      | Found a sparkling altar of Nemelex Xobeh.
 10004 | D:9      | Found a runed translucent door.
 10005 | D:9      | Identified the +5 spear "Lirchen" {freeze, rElec rCorr
                  | Int+3 SInv}
 10005 | D:9      | Noticed EyeSee2020's ghost (novice MiBe)
 10044 | D:9      | Found a snail-covered altar of Cheibriados.
 10091 | D:9      | Found a sacrificial altar of Ru.
 10091 | D:9      | Found a radiant altar of Vehumet.
 10091 | D:9      | Found a basalt altar of Yredelemnul.
 10312 | D:9      | Found a shimmering altar of Xom.
 10314 | D:9      | Found a shimmering blue altar of Sif Muna.
 10551 | D:9      | Reached skill level 5 in Conjurations
 10551 | D:9      | Reached skill level 5 in Hexes
 10551 | D:9      | Reached skill level 5 in Summonings
 10551 | D:9      | Reached skill level 5 in Necromancy
 10551 | D:9      | Reached skill level 5 in Translocations
 10551 | D:9      | Reached skill level 5 in Fire Magic
 10551 | D:9      | Reached skill level 5 in Ice Magic
 10551 | D:9      | Reached skill level 5 in Air Magic
 10551 | D:9      | Reached skill level 5 in Poison Magic
 10551 | D:9      | Reached XP level 11. HP: 56/72 MP: 10/22
 10727 | D:9      | Killed EyeSee2020's ghost
 10884 | D:10     | Entered Level 10 of the Dungeon
 11127 | D:10     | Noticed a two-headed ogre
 11182 | D:10     | Killed a two-headed ogre
 11243 | D:10     | Found a staircase to the Lair.
 12068 | D:10     | Noticed a two-headed ogre
 12078 | D:10     | Killed a two-headed ogre
 12662 | D:11     | Noticed a two-headed ogre
 12669 | D:11     | Killed a two-headed ogre
 12919 | D:11     | Noticed a manticore
 12925 | D:11     | Killed a manticore
 13278 | D:11     | Learned a level 3 spell: Gell's Gravitas
 13368 | D:11     | Noticed Sonja
 13370 | D:11     | Killed Sonja
 13475 | D:11     | Noticed Fannar
 13486 | D:11     | Killed Fannar
 13487 | D:11     | Reached XP level 12. HP: 80/81 MP: 1/24
 14568 | D:12     | Found Plog's Jewellery Boutique.
 14607 | D:12     | Bought a +6 ring of intelligence for 468 gold pieces
 14607 | D:12     | Bought a +6 ring of intelligence for 468 gold pieces
 14617 | D:12     | Learned a level 5 spell: Iskenderun's Battlesphere
 14654 | D:12     | Found a staircase to the Orcish Mines.
 15404 | D:12     | Found Lusuvece's Magic Scroll Shoppe.
 15893 | D:12     | Found Varah's Antique Armour Shop.
 15895 | D:12     | Found Kahoin Keyc's Antique Weapon Shoppe.
 15901 | D:12     | Bought a pair of runed boots for 270 gold pieces
 16081 | D:12     | Found a large runed translucent door.
 16081 | D:12     | Found a large runed translucent door.
 16278 | D:12     | Noticed a two-headed ogre
 16282 | D:12     | Killed a two-headed ogre
 16417 | D:12     | Identified the +1 robe "Nahotir" {Int+6}
 16435 | D:12     | Learned a level 6 spell: Iron Shot
 16450 | D:12     | Noticed a deep elf knight
 16856 | D:12     | Found a large runed translucent door.
 16856 | D:12     | Found a large runed translucent door.
 16917 | D:12     | Found Faixtaw's Jewellery Shoppe.
 17110 | D:12     | Reached XP level 13. HP: 54/88 MP: 0/26
 17277 | D:12     | Got the Quarto of Hail and Air
 18248 | D:13     | Noticed Kirke
 18254 | D:13     | Killed Kirke
 18456 | D:13     | Reached skill level 10 in Spellcasting
 18889 | D:13     | Found a gate to the Vaults.
 18889 | D:13     | Noticed an entropy weaver
 18894 | D:13     | Killed an entropy weaver
 19515 | D:14     | Reached skill level 10 in Dodging
 20293 | D:14     | Reached skill level 10 in Stealth
 20826 | D:14     | Identified the +2 robe "Ruraj" {Fly}
 20920 | D:15     | Entered Level 15 of the Dungeon
 20920 | D:15     | Noticed a rakshasa
 20929 | D:15     | Killed a rakshasa
 21111 | D:14     | Reached skill level 10 in Invocations
 21111 | D:14     | Reached XP level 14. HP: 54/98 MP: 1/28
 21115 | D:14     | Reached skill level 10 in Fighting
 22333 | D:15     | Lost mutation: You are frail. (-10% HP) [potion of
                  | mutation]
 22333 | D:15     | Lost mutation: Your spells are a little harder to cast, but
                  | a little more powerful. [potion of mutation]
 22333 | D:15     | Gained mutation: Your magical capacity is low. (-10% MP)
                  | [potion of mutation]
 22333 | D:15     | Gained mutation: You are dopey. (Int -2) [potion of
                  | mutation]
 22333 | D:15     | Lost mutation: You are dopey. (Int -2) [potion of mutation]
 22447 | D:15     | HP: 2/111 [ice dragon/blast of cold (13)]
 23160 | D:14     | Slain by a white ugly thing

Illustrated notes

Levels and vault maps discovered:
D:1:      minmay_arrival_open_corners, layout_basic
D:2:      layout_basic, serial_shops, shop, uniq_terence
D:3:      layout_rooms, uniq_crazy_yiuf_cottage, uniq_jessica
D:4:      minmay_razor_zed, layout_rooms
D:5:      layout_gridville
D:6:      layout_basic, mainiacjoe_overflow_swirl
D:7:      minmay_general_purpose_star, layout_loops_ring,
          minmay_temple_entry_gardened_gates, serial_shops, shop_statue
D:8:      wander_river, layout_basic, nicolae_overflow_hidden_temple,
          serial_shops, kennysheep_little_box, minmay_misc_feat_hallway,
          small_chamber_with_monster
D:9:      layout_cave_pools, minmay_overflow_temple_hex, lemuel_tele_altar,
          ebering_ghost_funeral_grove, minmay_between, uniq_pikel
D:10:     layout_stronghold, erik_lair_island
D:11:     layout_loops_ring, uniq_fannar, uniq_sonja
D:12:     layout_long_grid, zombieorc2_lemuel, serial_shops,
          nicolae_shop_temple_entry_statues_fountains,
          nicolae_shop_behind_doors, shop, nicolae_shop_advertising_works
          [nicolae_subvault_shop_adworks], nicolae_shop_trees, serial_demonic,
          serial_demonic_f, serial_demonic_d, serial_demonic_f,
          serial_demonic_b, minmay_hollow_rounded_squares
D:13:     layout_gridville, david_vaults_4, minmay_misc_feat_roman, uniq_kirke
D:14:     layout_loops_ring, hangedman_decor_slide_cut,
          amcnicky_mini_rare_corridor_liquid
D:15:     grunt_enter_depths_hoard, layout_irregular_city,
          nicolae_ashenzari_panopticon
Temple:   nicolae_temple_bog_church

Skill      XL: |  1  2  3  4  5  6  7  8  9 10 11 12 13 14 |
---------------+-------------------------------------------+-----
Transmutations | 2 3 4 5 6 7 8 |  8.1
Spellcasting   | 5 6 7 8 9 10 | 10.6
Invocations    | 1 2 3 4 5 6 7 8 10 | 10.2
Fighting       | 1 2 3 5 6 7 8 9 10 | 10.4
Short Blades   | 1 2 3 5 6 7 8 9 |  9.4
Long Blades    | 1 2 3 5 6 7 8 9 |  9.4
Axes           | 1 2 3 5 6 7 8 9 |  9.4
Maces & Flails | 1 2 3 5 6 7 8 9 |  9.4
Polearms       | 1 2 3 5 6 7 8 9 |  9.4
Staves         | 1 2 3 5 6 7 8 9 |  9.4
Ranged Weapons | 1 2 3 5 6 7 8 9 |  9.4
Throwing       | 1 2 3 5 6 7 8 9 |  9.4
Armour         | 1 2 3 5 6 7 8 9 |  9.4
Shields        | 1 2 3 5 6 7 8 9 |  9.4
Unarmed Combat | 1 2 3 5 6 7 8 9 |  9.4
Evocations     | 1 2 3 5 6 7 8 9 |  9.4
Conjurations   | 1 2 3 4 5 6 7 |  7.8
Hexes          | 1 2 3 4 5 6 7 |  7.8
Summonings     | 1 2 3 4 5 6 7 |  7.8
Necromancy     | 1 2 3 4 5 6 7 |  7.8
Translocations | 1 2 3 4 5 6 7 |  7.8
Fire Magic     | 1 2 3 4 5 6 7 |  7.8
Ice Magic      | 1 2 3 4 5 6 7 |  7.8
Air Magic      | 1 2 3 4 5 6 7 |  7.8
Poison Magic   | 1 2 3 4 5 6 7 |  7.8
Dodging        | 5 6 7 8 9 10 | 10.4
Stealth        | 5 6 7 8 9 10 | 10.3
Earth Magic    | 6 7 8 9 |  9.6

Action                     |  1- 3 |  4- 6 |  7- 9 | 10-12 | 13-15 || total
---------------------------+-------+-------+-------+-------+-------++-------
  Melee: Dagger            |    26 |    31 |       |       |       ||    57
         Bite              |     2 |     3 |    14 |    22 |     1 ||    42
         Punch             |       |     1 |     2 |     5 |     2 ||    10
         Trident           |       |     8 |   120 |   160 |    25 ||   313
         Quarterstaff      |       |     8 |       |       |       ||     8
  Throw: Dart              |       |       |     6 |     9 |     4 ||    19
         Javelin           |       |       |       |     6 |     5 ||    11
   Cast: Sandblast         |    41 |    58 |     2 |     6 |     9 ||   116
         Stone Arrow       |       |     4 |    62 |   168 |   103 ||   337
         Hailstorm         |       |       |       |    21 |    13 ||    34
         Iskenderun's Batt |       |       |       |    13 |    30 ||    43
         Iron Shot         |       |       |       |     1 |    14 ||    15
         Gell's Gravitas   |       |       |       |     1 |     4 ||     5
 Invoke: Call Merchant     |       |       |       |     1 |       ||     1
  Evoke: Wand              |     1 |       |     4 |    23 |     3 ||    31
         Lightning rod     |       |       |       |     4 |     8 ||    12
    Use: Scroll            |     2 |     7 |    11 |    14 |     6 ||    40
         Potion            |     1 |     1 |     5 |     9 |     4 ||    20
   Stab: Paralysed         |     1 |       |       |       |       ||     1
         Sleeping          |       |       |       |     2 |       ||     2
         Distracted        |       |       |       |     1 |       ||     1
 Armour: Robe              |     8 |     7 |     4 |     4 |    15 ||    38
         Leather armour    |       |       |    22 |    46 |       ||    68
  Dodge: Dodged            |    24 |    35 |   130 |   187 |    65 ||   441

Table legend: (Time is in decaauts)
 A = Elapsed time spent in this place.
 B = Non-inter-level travel time spent in this place.
 C = Inter-level travel time spent in this place.
 D = Time resting spent in this place.
 E = Time spent auto-exploring this place.
 F = Levels seen in this place.
 G = Mean time per level.
                   A        B        C        D        E       F      G
               +--------+--------+--------+--------+--------+-----+--------+
         Total |  23322 |  22128 |   1194 |   5174 |  14085 |  16 | 1457.6 |
       Dungeon |  23100 |  21934 |   1166 |   5174 |  13905 |  15 | 1540.0 |
        Temple |    222 |    194 |     28 |      0 |    180 |   1 |  222.0 |
               +--------+--------+--------+--------+--------+-----+--------+

Top non-repeatable levels by time:
    D:14: 2908 daAuts
    D:12: 2640 daAuts
    D:11: 2224 daAuts
    D:13: 2105 daAuts
    D:10: 1825 daAuts
     D:9: 1720 daAuts
     D:7: 1493 daAuts
     D:1: 1363 daAuts
     D:4: 1339 daAuts
     D:8: 1154 daAuts
     D:5: 993 daAuts
     D:6: 965 daAuts
     D:3: 951 daAuts
     D:2: 880 daAuts
    D:15: 535 daAuts
